 Dungeon Crawl Stone Soup version 0.27-a0-1083-gcf8293e1eb (webtiles) character file.

Game seed: 8717927152817899877

280 Gaff the Magician (level 6, -1/45 HPs)
             Began as a Djinni Air Elementalist on Apr 26, 2021.
             Was an Initiate of Gozag.
             Slain by an ogre
             ... wielding a +0 giant club
              (24 damage)
             ... on level 4 of the Dungeon.
             The game lasted 00:19:27 (5153 turns).

Gaff the Magician (Djinni Air Elementalist)         Turns: 5153, Time: 00:19:29

Health: -1/45      AC:  2    Str:  7    XL:     6   Next: 27%
Gold:   474        EV: 12    Int: 18    God:    Gozag SH:  0 Dex: 14

rFire    + + .     SeeInvis .   c - +0 short sword
rCold    x . .     Faith    .   (no shield)
rNeg     . . .     Spirit   .   a - +0 robe
rPois    ∞         Reflect  .   (no helmet)
rElec    .         Harm     .   (no cloak)
rCorr    .         Rampage  .   (no gloves)
Will     .....                  (boots unavailable)
Stlth    ++........             f - amulet of magic regeneration
HPRegen  0.15/turn              (no ring)
MPRegen  0.00/turn              (no ring)

@: flying
A: fire resistance 2, cold vulnerability 1, float, innate caster, hp casting,
extra vitality 1
a: Renounce Religion, Potion Petition, Call Merchant, Bribe Branch


You were on level 4 of the Dungeon.
You worshipped Gozag.
Gozag was aware of your devotion.
You visited 1 branch of the dungeon, and saw 4 of its levels.
You also visited: Sewer.

You collected 474 gold pieces.

Inventory:

Hand Weapons
 b - a +0 dagger
 c - a +0 short sword (weapon)
 i - a +0 short sword
Missiles
 d - 43 stones
 n - 5 javelins
Armour
 a - a +0 robe (worn)
Jewellery
 f - an amulet of magic regeneration (around neck)
Wands
 j - a wand of charming (11)
Scrolls
 g - 2 scrolls of enchant armour {unknown}
 h - a scroll of summoning {unknown}
 m - a scroll of magic mapping
 o - a scroll of blinking {unknown}
 p - a scroll of amnesia {unknown}
 q - a scroll of brand weapon {unknown}
 r - a scroll of holy word {unknown}
 t - a scroll of silence {unknown}
Potions
 e - 4 potions of curing {unknown}
 k - a potion of lignification {unknown}
 l - a potion of might {unknown}
 s - 2 potions of flight {unknown}


   Skills:
 + Level 2.5 Fighting
 + Level 2.5 Armour
 - Level 2.3 Dodging
 - Level 1.7 Stealth
 * Level 4.6 Spellcasting


You couldn't memorise any spells.
You knew the following spells:

 Your Spells              Type           Power      Damage    Failure   Level
a - Shock                 Conj/Air       80%        1d8       1%          1
b - Static Discharge      Conj/Air       20%        N/A       3%          2
c - Swiftness             Air            20%        N/A       6%          3
d - Airstrike             Air            10%        N/A       21%         4
e - Lightning Bolt        Conj/Air       10%        1d23      50%         5
f - Pain                  Necr           80%        1d8       1%          1
g - Slow                  Hex            20%        N/A       3%          2
Your spell library was empty.

Dungeon Overview and Level Annotations

Branches:
Dungeon (4/15)              Sewer (visited)
 Temple: D:4-7

Altars:
Gozag

Shops:
D:2 (


Innate Abilities, Weirdness & Mutations

You are immune to poison.
Your flesh is very heat resistant. (rF++)
You are vulnerable to cold. (rC-)
You float through the air rather than walking.
You learn spells naturally, not from books.
Your magical power is your life essence.
You have superior vitality. (+4 HP)


Message History

The ogre is severely wounded.
Aiming: Shock (safe; 1% risk of failure)
Press: ? - help, Q - select action, (/) - cycle Shift-Dir - straight line, f/p - ogre
Aim: an ogre, wielding a +0 giant club (severely wounded, 86% to hit)
The zap hits the ogre.
The ogre is almost dead.
Casting: Shock (safe; 1% risk of failure)
Confirm with . or Enter, or press ? or * to list all spells.
Aiming: Slow (safe; 3% risk of failure)
Press: ? - help, Shift-Dir - straight line, f/p - ogre
Aim: an ogre, wielding a +0 giant club (almost dead, chance to affect: 59%)
The ogre resists with significant effort.
The ogre closely misses you.
Aiming: Shock (safe; 1% risk of failure)
Press: ? - help, Q - select action, (/) - cycle Shift-Dir - straight line, f/p - ogre
Aim: an ogre, wielding a +0 giant club (almost dead, 86% to hit)
Okay, then.
Casting: Shock (safe; 1% risk of failure)
Confirm with . or Enter, or press ? or * to list all spells.
Aiming: Pain (safe; 1% risk of failure)
Press: ? - help, Shift-Dir - straight line, f/p - ogre
Aim: an ogre, wielding a +0 giant club (almost dead, chance to affect: 80%)
The ogre barely resists.
The ogre hits you with a +0 giant club!
Casting: Pain (safe; 1% risk of failure)
Confirm with . or Enter, or press ? or * to list all spells.
Aiming: Pain (safe; 1% risk of failure)
Press: ? - help, Shift-Dir - straight line, f/p - ogre
Aim: an ogre, wielding a +0 giant club (almost dead, chance to affect: 80%)
The ogre barely resists.
Casting: Pain (safe; 1% risk of failure)
Confirm with . or Enter, or press ? or * to list all spells.
Aiming: Slow (safe; 3% risk of failure)
Press: ? - help, Shift-Dir - straight line, f/p - ogre
Aim: an ogre, wielding a +0 giant club (almost dead, chance to affect: 59%)
The ogre seems to slow down.
The ogre hits you with a +0 giant club!!
Ouch! That really hurt!
You die...
Your body crumbles into a pile of gold.

≈≈≈#,....#.................*
#≈##*#.#)#.#*,...#...$....#*
#≈# #.#.#.#***#.#........# #≈#
#.#.#.# #..........#**** #≈##
#.#.#.# ##...###.##..,,,*
≈≈≈###...#.####.....##.#**#**,*
≈≈≈#.................#,# *,*
#≈#####....####.O...##,* *,*
#.# #.#### ##@..##*,* *,* ..#
#.# #..## *,* *,* .## #.#
#>.#***,* *,* .# #.#
#>..,,,,******,* ## #.#
#.###***,,,,,,,* #.# ###.#
*,******* #######.# #...# *,*
.......<# #.### *,* #######.#
#.# *,*


You could see an ogre (slow).

Vanquished Creatures
  A kobold brigand (Sewer)
  Natasha (thrice) (D:2)
  3 river rats
  2 adders (D:4)
  A worm (D:4)
  A dart slug (D:2)
  An orc (D:3)
  5 ball pythons
  10 endoplasms
  5 giant cockroaches
  7 goblins
  5 hobgoblins
  11 jackals
  11 kobolds
  3 quokkas
  3 bats
  2 frilled lizards
  9 rats
83 creatures vanquished.

Notes
Turn   | Place    | Note
-------+----------+-------------------------------------------
     0 | D:1      | Gaff the Djinni Air Elementalist began the quest for the
                  | Orb.
     0 | D:1      | Reached XP level 1. HP: 15/15 MP: 0/0
   301 | D:1      | Reached skill level 3 in Spellcasting
   303 | D:1      | Reached XP level 2. HP: 16/21 MP: 0/0
   980 | D:1      | Reached XP level 3. HP: 20/26 MP: 0/0
   980 | D:1      | Learned a level 1 spell: Pain
  1229 | D:1      | Found a faded altar of an unknown god.
  1237 | D:1      | Became a worshipper of Gozag Ym Sagoz the Greedy
  1492 | D:2      | Noticed Natasha
  1645 | D:2      | Reached skill level 1 in Fighting
  1904 | D:2      | Killed Natasha
  1905 | D:2      | Reached skill level 1 in Armour
  1905 | D:2      | Reached XP level 4. HP: 8/32 MP: 0/0
  2031 | D:2      | Noticed Natasha
  2619 | D:2      | Killed Natasha
  3167 | D:2      | Noticed Natasha
  3175 | D:2      | Killed Natasha
  3176 | D:2      | Reached skill level 4 in Spellcasting
  3176 | D:2      | Reached XP level 5. HP: 2/38 MP: 0/0
  3176 | D:2      | Learned a level 2 spell: Slow
  3524 | D:2      | Found Cucsej's Antique Weapon Boutique.
  4254 | D:4      | Found a glowing drain.
  4315 | Sewer    | Entered a sewer
  4530 | Sewer    | Noticed a kobold brigand
  4540 | Sewer    | Killed a kobold brigand
  4541 | Sewer    | Reached XP level 6. HP: 34/45 MP: 0/0
  4651 | Sewer    | Found a white marble altar of Elyvilon.
  5153 | D:4      | Slain by an ogre

Illustrated notes

Levels and vault maps discovered:
D:1:      dpeg_arrival_rooms_with_view, layout_basic,
          hellmonk_ecumenical_altar_arch_garden, kennysheep_decorative_pillar
D:2:      layout_loops_ring, serial_shops, shop, uniq_natasha
D:3:      layout_rooms
D:4:      layout_loops_ring, gup_sewer_entry_bubbles

Skill      XL: |  1  2  3  4  5 |
---------------+----------------+-----
Spellcasting   | 3 4 |  4.6
Fighting       | 1 2 |  2.5
Armour         | 1 2 |  2.5
Dodging        | |  2.3
Stealth        | |  1.7

Action                   |  1- 3 |  4- 6 || total
-------------------------+-------+-------++-------
Melee: Dagger            |     2 |       ||     2
       Short sword       |       |     3 ||     3
 Cast: Shock             |    71 |    86 ||   157
       Pain              |     3 |    14 ||    17
       Static Discharge  |     2 |       ||     2
       Slow              |       |     4 ||     4
       Swiftness         |       |     1 ||     1
  Use: Scroll            |       |     1 ||     1
Armor: Robe              |     3 |     3 ||     6
Dodge: Dodged            |     7 |    11 ||    18

Table legend: (Time is in decaauts)
 A = Elapsed time spent in this place.
 B = Non-inter-level travel time spent in this place.
 C = Inter-level travel time spent in this place.
 D = Time resting spent in this place.
 E = Time spent auto-exploring this place.
 F = Levels seen in this place.
 G = Mean time per level.
                   A        B        C        D        E       F      G
               +--------+--------+--------+--------+--------+-----+--------+
         Total |   5157 |   4993 |    164 |   2226 |   1628 |   5 | 1031.4 |
       Dungeon |   4779 |   4615 |    164 |   2027 |   1628 |   4 | 1194.8 |
         Sewer |    378 |    378 |      0 |    199 |      0 |   1 |  378.0 |
               +--------+--------+--------+--------+--------+-----+--------+

Top non-repeatable levels by time:
     D:1: 1925 daAuts
     D:2: 1670 daAuts
     D:3: 731 daAuts
     D:4: 452 daAuts
   Sewer: 378 daAuts
